Map: Cyber Forest LE

Players

memex

  • Race: Terran Terran
  • League: Diamond
  • Spawn Location: 11:00

Smeeeger - Winner!

  • Race: Zerg Zerg
  • League: Platinum
  • Spawn Location: 5:00

VOD

Have the link to the VOD?

Description

Time

  • Played on: July 26, 2019, 9:11 a.m.
  • Length: 9:06
Show
View Real Time Build Order
Export as new Build Order

memex Terran 

Build Orders: Gas First Reaper Expand 

Get SALT Encoding   

  12  0:02  SCV  
  13  0:13  Supply Depot  
  13  0:18  SCV  
  14  0:30  SCV  
  14  0:31  Refinery  
  15  0:42  Barracks  
  15  0:46  SCV  
  16  0:58  SCV  
  17  1:10  SCV  
  18  1:22  SCV  
  19  1:30  Reaper  
  20  1:38  Command Center  
  20  1:46  Orbital Command  
  20  1:58  Factory  
  20  2:06  Supply Depot  
  20  2:11  Refinery  
  20  2:14  SCV  
  21  2:26  SCV  
  22  2:36  Barracks Reactor  
  21  2:43  Factory Tech Lab  
  21  2:52  Orbital Command  
  21  2:53  Supply Depot  
  21  2:54  SCV  
  22  3:28  Hellion x2  
  22  3:30  Marine  
  27  3:48  Starport  
  27  3:59  Orbital Command  
  27  4:03  SCV  
  28  4:11  Factory  
  28  4:15  Hellion x2, Barracks  
  32  4:30  Viking  
  34  4:35  SCV x2  
  36  4:47  SCV x2  
  38  4:58  Supply Depot  
  38  4:59  SCV  
  35  5:00  Supply Depot  
  35  5:02  Hellion x2  
  35  5:03  Armory  
  39  5:11  Supply Depot  
  39  5:17  Barracks Reactor  
  39  5:18  Combat Shield  
  39  5:20  Factory Tech Lab  
  39  5:24  Starport Tech Lab  
  39  5:35  SCV x2  
  41  5:44  Siege Tank  
  41  5:45  Hellion x2  
  41  5:47  SCV x2  
  46  5:59  SCV  
  46  6:01  Marine x3  
  50  6:06  Hellion x2  
  54  6:13  Refinery  
  54  6:14  Refinery  
  54  6:16  Banshee, Hellion  
  59  6:19  Cloaking Field, Marine x2  
  61  6:27  SCV x2  
  61  6:31  Marine  
  64  6:36  Marine  
  64  6:38  Siege Tank  
  64  6:39  SCV  
  69  6:42  Marine  
  70  6:48  SCV  
  70  6:49  Marine  
  70  6:51  SCV  
  73  6:54  Supply Depot  
  73  6:55  Supply Depot  
  73  6:57  Supply Depot  
  73  6:58  Marine  
  73  7:00  Marine, SCV  
  76  7:19  Marine x3, Barracks  
  79  7:25  Supply Depot  
  79  7:26  Engineering Bay  
  79  7:28  Siege Tank  
  82  7:31  Factory Tech Lab  
  79  7:37  Marine x3  
  82  7:48  SCV  
  82  7:49  SCV  
  84  7:55  Marine x3  
  87  8:01  Siege Tank x2  
  93  8:13  Marine, Barracks  
  93  8:32  Command Center  
  74  8:37  Marine x4  
Show
View Real Time Build Order
Export as new Build Order

Smeeeger Zerg - Winner!

Build Orders: Hatch First 

Get SALT Encoding   

  12  0:01  Drone  
  13  0:12  Overlord  
  13  0:18  Drone  
  14  0:31  Drone x2  
  16  0:39  Drone  
  17  0:47  Drone  
  18  0:56  Drone  
  19  1:00  Hatchery  
  18  1:07  Drone  
  18  1:10  Extractor  
  18  1:21  Drone, Spawning Pool  
  18  1:44  Drone  
  18  1:45  Drone  
  20  1:49  Overlord  
  20  2:11  Zergling x4  
  20  2:12  Queen  
  20  2:13  Queen  
  26  2:16  Zergling x2  
  28  2:22  Drone  
  28  2:26  Metabolic Boost  
  28  2:54  Drone x2  
  28  2:55  Drone x3  
  28  2:58  Drone  
  34  3:02  Hatchery  
  33  3:11  Overlord x2  
  33  3:24  Drone x2  
  33  3:25  Drone  
  36  3:30  Drone x3  
  36  3:31  Drone x2  
  41  3:51  Extractor  
  40  3:59  Drone x2  
  40  4:01  Drone x3  
  45  4:05  Drone x2, Roach Warren  
  45  4:06  Drone, Evolution Chamber  
  45  4:07  Drone x2  
  45  4:08  Overlord  
  45  4:09  Queen  
  48  4:15  Lair  
  48  4:16  Queen  
  52  4:21  Extractor  
  51  4:30  Zergling x4  
  51  4:31  Zergling x8  
  56  4:32  Zergling x2  
  58  4:43  Spine Crawler  
  57  4:46  Drone x3  
  57  4:51  Spine Crawler  
  57  4:52  Queen  
  60  5:05  Overlord  
  60  5:09  Drone x4  
  60  5:10  Drone  
  65  5:16  Overlord  
  65  5:17  Overlord x2  
  65  5:33  Overlord  
  65  5:34  Overlord  
  58  6:02  Roach x6  
  58  6:03  Roach x6  
  58  6:04  Roach  
  82  6:06  Drone  
  83  6:12  Drone  
  83  6:14  Queen  
  83  6:15  Glial Reconstitution, Zerg Missile Weapons Level 1  
  83  6:18  Pneumatized Carapace  
  86  6:19  Drone x2  
  86  6:21  Roach  
  90  6:27  Drone x2  
  92  6:33  Hatchery, Drone x2, Extractor  
  92  6:37  Drone  
  92  6:38  Drone x3  
  92  6:39  Roach x4  
  105  6:40  Ravager x2  
  106  6:50  Spore Crawler  
  106  6:52  Spore Crawler  
  104  6:55  Drone x2  
  106  7:03  Spore Crawler  
  105  7:16  Overlord x3  
  105  7:18  Overlord  
  105  7:24  Drone  
  106  7:34  Queen  
  108  7:37  Drone x3  
  108  7:38  Drone  
  108  7:40  Drone  
  108  7:41  Drone, Extractor  
  108  7:42  Extractor  
  112  7:53  Infestation Pit  
  113  7:58  Roach x2  
  113  7:59  Roach x14, Evolution Chamber  
  113  8:01  Evolution Chamber  
  113  8:02  Ravager x2  
  113  8:03  Ravager  
  144  8:06  Overlord x3  
  144  8:07  Overlord  
  144  8:15  Overlord x3  
  144  8:20  Hatchery  
  137  8:35  Roach  
  137  8:36  Roach x10  
Tags
 
Add a new tag
Caveats
  • Supply blocks, unpowered buildings, or Contaminate may cause inaccurate times.
  • Supply counts are checked every 10 seconds.